 Dungeon Crawl Stone Soup version 0.31.0 (webtiles) character file.

Game seed: 805122886557786568

4883 qw the Skirmisher (level 10, -7/64 HPs)
             Began as a Gargoyle Hunter on Jan 19, 2024.
             Was a Follower of Okawaru.
             Killed by the air
             ... invoked by Gastronok
              (31 damage)
             ... on level 8 of the Dungeon.
             The game lasted 00:00:45 (7735 turns).

qw the Skirmisher (Gargoyle Hunter)                 Turns: 7735, Time: 00:00:45

Health: -7/64      AC: 14    Str: 14    XL:     10   Next: 50%
Magic:  8/10       EV: 20    Int: 11    God:    Okawaru [*.....]
Gold:   515        SH:  0    Dex: 23    Spells: 9/9 levels left

rFire   + . .        k - +1 arbalest
rCold   + . .        (shield currently unavailable)
rNeg    + . .        a - +2 robe {rC+ rF+}
rPois   inf          (no helmet)
rElec   +            j - +0 cloak
rCorr   .            (no gloves)
SInv    .            b - +0 pair of boots
Will    .....        (no amulet)
Stlth   ++++         o - +6 ring of dexterity
HPRegen 0.30/turn    (no ring)
MPRegen 0.12/turn

%: no passive effects
@: heroic
A: sickness immunity, AC +7, negative energy resistance 1, electricity
resistance, torment resistance 1, petrification resistance
a: Renounce Religion, Heroism


You were on level 8 of the Dungeon.
You worshipped Okawaru.
Okawaru was aware of your devotion.
You visited 2 branches of the dungeon, and saw 9 of its levels.
You also visited: Ossuary.

You collected 587 gold pieces.
You spent 72 gold pieces at shops.


Innate Abilities, Weirdness & Mutations

You are immune to sickness and miasma.
Your stone body is resilient. (AC +7)
You are immune to poison.
You resist negative energy. (rN+)
You are resistant to electric shocks. (rElec)
You are resistant to unholy torment.
You are immune to petrification.


   Skills:
 - Level 8.1(13.1) Fighting
 + Level 12.4(17.4) Ranged Weapons
 - Level 2.0(7.0) Armour
 - Level 5.0(10.0) Dodging
 - Level 1.1(6.1) Stealth
 + Level 0.3 Invocations


You had 9 spell levels left.
You didn't know any spells.
Your spell library was empty.

Inventory:

Hand Weapons
 k - a +1 arbalest (weapon)
Armour
 a - a +2 robe of resistance (worn)
 b - a +0 pair of boots (worn)
 j - a +0 cloak (worn)
 p - a +3 leather armour of positive energy
 q - a +2 leather armour of fire resistance
Jewellery
 o - a +6 ring of dexterity (left hand)
Wands
 l - a wand of roots (14)
Scrolls
 c - 3 scrolls of teleportation
 f - 3 scrolls of identify
Potions
 d - 2 potions of curing
 e - 2 potions of mutation
 g - a potion of heal wounds
 h - 2 potions of might
 i - a potion of resistance
 m - a potion of cancellation
 r - a potion of enlightenment

Dungeon Overview and Level Annotations

Branches:
Dungeon (8/15)             Temple (1/1) D:7         Ossuary (visited)
   Lair: D:8-11

Altars:
Cheibriados
Dithmenos
Elyvilon
Fedhas
Hepliaklqana
Kikubaaqudgha
Nemelex Xobeh
Okawaru
Ru
Sif Muna
Trog
Vehumet
Wu Jian
Xom
Yredelemnul
Zin
The Shining One

Shops:
D:6 ?

Annotations:
D:4 1 runed translucent door, Crazy Yiuf
D:6 4 runed translucent doors
D:8 Gastronok, Psyche


Message History

The bolt hits the steam dragon but does no damage.
The steam dragon is moderately wounded.
You hear some strange, mumbled words.
A swirling arc of seething chaos appears!
An arc of chaos appears from out of thin air!
The arc of chaos hits you!
Something tries to affect you, but you resist.
The steam dragon closely misses you.
The steam dragon claws you but does no damage.
You hear a zap.
Something tries to affect you, but you resist.
You shoot a bolt. The bolt hits the steam dragon!!
You kill the steam dragon!
Okawaru accepts your kill.
You can now gain great but temporary skills.
You hear some strange, mumbled words.
Something tries to affect you, but you resist.
You shoot a bolt. The bolt hits Gastronok!!
Gastronok is lightly wounded.
You hear a bellow!
A yak comes into view.
You hear a shout!
You shoot a bolt. The bolt hits the yak!
The yak is moderately wounded.
You hear a zap.
Your mind is blasted!
Gastronok waves his eye-stalks in wide circles.
The air twists around and strikes you!!
You hear a zap.
Something tries to affect you, but you resist.
You shoot a bolt. The bolt hits the yak.
The yak is moderately wounded.
You shoot a bolt. The bolt hits the yak!!!
You kill the yak!
Okawaru accepts your kill. Something hits you but does no damage.
Space warps around you.
Gastronok waves his eye-stalks in wide circles.
The air twists around and strikes you!!
You die...
Gastronok gurgles, "Let's see if you taste as good as that wizard did."

.#
#.....#.......
.# .....
#.....#.##..~.
.# ....
#.......##....
## ..w
#......###....
.. #....###
#.... #.##
#...## #....
#..# #...#
#....
#######{###...#
#....
.......@.##...#
#####
.......¤¤.>...#
~~~....####..<#
~~~~~.. #...#
~~~~... #####
....... .......
.......


You could see Gastronok.

Vanquished Creatures
  Pikel (D:5)
  Jeremiah (D:7)
  A troll (D:8)
  Grinder (D:4)
  A yak (D:8)
  A steam dragon (D:8)
  Edmund (D:4)
  Duvessa (D:7)
  An orc warrior (D:6)
  5 ice beasts
  2 black bears (D:5)
  2 ogres
  3 centaurs
  3 elf zombies (Ossuary)
  A kobold brigand (D:7)
  A weeping skull (Ossuary)
  4 bullfrogs
  7 scorpions
  Dowan (D:7)
  5 killer bees (D:8)
  2 howler monkeys (D:6)
  2 centaur zombies (Ossuary)
  3 orc priests
  2 bombardier beetles
  A spectral scorpion (Ossuary)
  2 hounds
  A gnoll bouda (D:5)
  4 iguanas
  2 sleepcaps (D:6)
  3 orc wizards
  2 hound zombies (Ossuary)
  4 mummies
  5 gnolls (D:5)
  8 adders
  A white imp (D:5)
  3 adder zombies (Ossuary)
  7 dart slugs
  27 orcs
  5 ball pythons
  5 endoplasms
  2 giant cockroaches
  7 goblins
  2 hobgoblins
  3 jackals (D:5)
  A quokka (D:4)
  5 ball python zombies (Ossuary)
  4 bats
  A frilled lizard (D:2)
  3 gnoll zombies (Ossuary)
  3 jackal zombies (Ossuary)
  7 kobolds
  3 kobold zombies (Ossuary)
  An orc zombie (Ossuary)
  3 rats
177 creatures vanquished.

Notes
Turn   | Place    | Note
-------+----------+-------------------------------------------
     0 | D:1      | qw the Gargoyle Hunter began the quest for the Orb.
     0 | D:1      | Reached XP level 1. HP: 12/12 MP: 1/1
     0 | D:1      | 0 ||| qw: Version: 0.3-a-132-g3d54051
     0 | D:1      | 0 ||| qw: Game counter: 188
     0 | D:1      | 0 ||| qw: Melee chars always use a shield: true
     0 | D:1      | 0 ||| qw: God list: Okawaru
     0 | D:1      | 0 ||| qw: Allow faded altars: false
     0 | D:1      | 0 ||| qw: Do Orc after clearing Dungeon:15 true
     0 | D:1      | 0 ||| qw: Do second Lair branch before Depths: true
     0 | D:1      | 0 ||| qw: Lair rune preference: random
     0 | D:1      | 0 ||| qw: Goals: Normal
     0 | D:1      | 0 ||| PLANNING D:1-11
   570 | D:1      | Reached XP level 2. HP: 17/17 MP: 2/2
  1065 | D:1      | 1065 ||| READING scroll labelled CAGOL UKIOTZ.
  1065 | D:1      | 1065 ||| IDENTIFYING golden potion
  1066 | D:1      | 1066 ||| DROPPING scroll of butterflies.
  1120 | D:2      | 1120 ||| STAIRDANCE
  1145 | D:2      | 1145 ||| STAIRDANCE
  1205 | D:2      | Reached XP level 3. HP: 18/21 MP: 3/3
  1205 | D:2      | 1205 ||| FLEEEEING.
  1218 | D:2      | Reached skill level 5 in Ranged Weapons
  1344 | D:2      | Reached skill level 3 in Fighting
  1344 | D:2      | Reached XP level 4. HP: 24/28 MP: 4/4
  1344 | D:2      | 1344 ||| FLEEEEING.
  1704 | D:2      | 1704 ||| UPGRADING to +0 cloak.
  1709 | D:2      | 1709 ||| UPGRADING to +6 ring of dexterity.
  1710 | D:2      | 1710 ||| READING scroll labelled HAULUKHLISIU.
  1811 | D:2      | 1811 ||| READING scroll labelled DEXUOR PUDEIF.
  1811 | D:2      | 1811 ||| ENCHANTING +0 shortbow.
  1812 | D:2      | 1812 ||| READING 2 scrolls labelled CAEVOD MONUKUI.
  1813 | D:2      | 1813 ||| READING scroll labelled VICRI OPLALOAC.
  1814 | D:2      | 1814 ||| READING scroll labelled YTWUUR JILIUG.
  1815 | D:2      | 1815 ||| FLEEEEING.
  1819 | D:2      | 1819 ||| DROPPING scroll of amnesia.
  1919 | D:3      | 1919 ||| FLEEEEING.
  2467 | D:3      | Reached XP level 5. HP: 18/32 MP: 5/5
  2469 | D:3      | 2469 ||| FLEEEEING.
  2754 | D:3      | 2754 ||| UPGRADING to +2 leather armour of fire resistance.
  2764 | D:3      | 2764 ||| DROPPING +0 leather armour.
  2765 | D:3      | 2765 ||| READING scroll of identify.
  2765 | D:3      | 2765 ||| IDENTIFYING smoky purple potion
  2766 | D:3      | 2766 ||| READING scroll labelled ICKYBU JUSUH.
  2767 | D:3      | 2767 ||| FLEEEEING.
  2789 | D:3      | 2789 ||| READING scroll labelled VESMAATOUX.
  2832 | D:4      | Reached skill level 6 in Ranged Weapons
  2891 | D:4      | Found a sacrificial altar of Ru.
  3030 | D:4      | Reached skill level 1 in Armour
  3125 | D:4      | Reached XP level 6. HP: 37/37 MP: 6/6
  3138 | D:4      | Found a white marble altar of Elyvilon.
  3165 | D:4      | Found a runed translucent door.
  3166 | D:4      | Noticed Crazy Yiuf
  3196 | D:4      | Noticed Edmund
  3197 | D:4      | 3197 ||| ZAPPING wand of paralysis (3) at 2,6 (Edmund;
                  | floor).
  3198 | D:4      | 3198 ||| ZAPPING wand of paralysis (2) at 1,5 (Edmund;
                  | floor).
  3209 | D:4      | 3209 ||| ZAPPING wand of paralysis (1) at 1,4 (Edmund;
                  | floor).
  3225 | D:4      | Killed Edmund
  3301 | D:4      | Noticed Grinder
  3303 | D:4      | Paralysed by Grinder for 4 turns
  3315 | D:4      | Paralysed by Grinder for 4 turns
  3322 | D:4      | Killed Grinder
  3323 | D:4      | Reached skill level 7 in Ranged Weapons
  3323 | D:4      | Reached XP level 7. HP: 44/44 MP: 7/7
  3550 | D:4      | 3550 ||| SWAPPING to +0 arbalest.
  3551 | D:4      | 3551 ||| DROPPING +1 shortbow.
  3794 | D:5      | Entered Level 5 of the Dungeon
  3795 | D:5      | 3795 ||| PLANNING OSSUARY
  3836 | D:5      | Reached skill level 8 in Ranged Weapons
  3864 | D:5      | Noticed Pikel
  3870 | D:5      | 3870 ||| RETREEEEATING.
  3871 | D:5      | 3871 ||| RETREEEEATING.
  3877 | D:5      | Killed Pikel
  3878 | D:5      | Reached skill level 9 in Ranged Weapons
  3878 | D:5      | Reached XP level 8. HP: 36/49 MP: 8/8
  3878 | D:5      | 3878 ||| FLEEEEING.
  3965 | D:5      | 3965 ||| FLEEEEING.
  4067 | D:5      | 4067 ||| RETREEEEATING.
  4068 | D:5      | 4068 ||| RETREEEEATING.
  4069 | D:5      | 4069 ||| RETREEEEATING.
  4071 | D:5      | Reached skill level 3 in Dodging
  4076 | D:5      | 4076 ||| FLEEEEING.
  4081 | D:5      | 4081 ||| STAIRDANCE
  4159 | D:4      | 4159 ||| DRINKING 2 sapphire potions.
  4160 | D:4      | 4160 ||| DROPPING potion of magic.
  4260 | D:5      | Found a bloodstained altar of Trog.
  4300 | D:5      | Reached skill level 6 in Fighting
  4332 | D:5      | 4332 ||| READING scroll of enchant weapon.
  4332 | D:5      | 4332 ||| ENCHANTING +0 arbalest.
  4457 | D:5      | Found a sand-covered staircase.
  4460 | D:5      | 4460 ||| READING scroll labelled GIUTUS SAN.
  4466 | Ossuary  | Entered an ossuary
  4502 | Ossuary  | Reached XP level 9. HP: 48/55 MP: 9/9
  4523 | Ossuary  | Reached skill level 10 in Ranged Weapons
  4783 | Ossuary  | 4783 ||| READING scroll of identify.
  4783 | Ossuary  | 4783 ||| IDENTIFYING fizzy ruby potion
  4784 | Ossuary  | 4784 ||| DRINKING 2 smoky silvery potions.
  4785 | Ossuary  | 4785 ||| DRINKING 2 murky sapphire potions.
  4786 | Ossuary  | 4786 ||| DROPPING wand of flame (24).
  4797 | D:5      | 4797 ||| PLANNING D:1-11
  4946 | D:6      | Found Liyseogu's Magic Scroll Shop.
  4998 | D:6      | Found a large runed translucent door.
  4999 | D:6      | Found a large runed translucent door.
  5108 | D:6      | Found an ornate altar of the Wu Jian Council.
  5167 | D:6      | Found a large runed translucent door.
  5167 | D:6      | Found a large runed translucent door.
  5171 | D:6      | Noticed a troll
  5174 | D:6      | 5174 ||| UPGRADING to +0 pair of boots.
  5179 | D:6      | 5179 ||| DRINKING 2 blue potions.
  5180 | D:6      | 5180 ||| DRINKING 4 potions of curing.
  5180 | D:6      | 5180 ||| (to cure confusion)
  5214 | D:6      | Reached skill level 11 in Ranged Weapons
  5220 | D:6      | 5220 ||| FLEEEEING.
  5320 | D:6      | 5320 ||| FLEEEEING.
  5329 | D:6      | 5329 ||| STAIRDANCE
  5356 | D:5      | 5356 ||| READING scroll labelled QEOV IKHUFU.
  5357 | D:5      | 5357 ||| DRINKING 2 yellow potions.
  5358 | D:5      | 5358 ||| DROPPING potion of ambrosia.
  5399 | D:6      | Reached XP level 10. HP: 54/64 MP: 10/10
  5400 | D:6      | 5400 ||| FLEEEEING.
  5496 | D:6      | 5496 ||| BUYING scroll of identify (24 gold).
  5496 | D:6      | Bought a scroll of identify for 24 gold pieces
  5496 | D:6      | 5496 ||| BUYING scroll of identify (24 gold).
  5496 | D:6      | Bought a scroll of identify for 24 gold pieces
  5496 | D:6      | 5496 ||| BUYING scroll of identify (24 gold).
  5496 | D:6      | Bought a scroll of identify for 24 gold pieces
  6009 | D:6      | 6009 ||| READING 3 scrolls of identify.
  6009 | D:6      | 6009 ||| IDENTIFYING 2 cyan potions
  6010 | D:6      | 6010 ||| READING 2 scrolls of identify.
  6010 | D:6      | 6010 ||| IDENTIFYING scroll labelled CEEGOA TOUHA
  6011 | D:6      | 6011 ||| DROPPING scroll of silence.
  6136 | D:7      | 6136 ||| DRINKING 3 potions of curing.
  6136 | D:7      | 6136 ||| (to cure confusion)
  6139 | D:7      | Found a blossoming altar of Fedhas.
  6201 | D:7      | Found a staircase to the Ecumenical Temple.
  6202 | D:7      | 6202 ||| PLANNING TEMPLE
  6207 | Temple   | Entered the Ecumenical Temple
  6208 | Temple   | 6208 ||| PLANNING OKAWARU WORSHIP
  6215 | Temple   | Became a worshipper of Warmaster Okawaru
  6216 | Temple   | 6216 ||| PLANNING D:1-11
  6277 | D:7      | Reached skill level 12 in Ranged Weapons
  6308 | D:7      | Noticed Duvessa
  6310 | D:7      | Noticed Dowan
  6316 | D:7      | 6316 ||| DRINKING 3 potions of haste.
  6319 | D:7      | Killed Duvessa
  6321 | D:7      | Killed Dowan
  6404 | D:7      | Found a glowing golden altar of the Shining One.
  6498 | D:7      | Found a sparkling altar of Nemelex Xobeh.
  6544 | D:7      | Noticed Jeremiah
  6545 | D:7      | 6545 ||| DRINKING 2 potions of haste.
  6558 | D:7      | 6558 ||| READING 2 scrolls of identify.
  6558 | D:7      | 6558 ||| IDENTIFYING fuming inky potion
  6625 | D:7      | 6625 ||| DRINKING potion of haste.
  6654 | D:7      | HP: 11/64 [Jeremiah/+2 trident of draining (10)]
  6655 | D:7      | 6655 ||| READING 4 scrolls of teleportation.
  6656 | D:7      | 6656 ||| DRINKING 2 potions of heal wounds.
  6661 | D:7      | 6661 ||| FLEEEEING.
  6664 | D:7      | 6664 ||| STAIRDANCE
  6828 | D:7      | 6828 ||| ZAPPING wand of paralysis (5) at 0,7 (Jeremiah;
                  | floor).
  6834 | D:7      | 6834 ||| ZAPPING wand of paralysis (4) at 0,7 (Jeremiah;
                  | floor).
  6851 | D:7      | 6851 ||| ZAPPING wand of paralysis (3) at 3,5 (Jeremiah;
                  | floor).
  6878 | D:7      | 6878 ||| FLEEEEING.
  6882 | D:7      | 6882 ||| FLEEEEING.
  6883 | D:7      | 6883 ||| FLEEEEING.
  6884 | D:7      | 6884 ||| FLEEEEING.
  6889 | D:7      | 6889 ||| STAIRDANCE
  7064 | D:7      | 7064 ||| ZAPPING wand of paralysis (2) at 5,3 (Jeremiah;
                  | floor).
  7072 | D:7      | 7072 ||| FLEEEEING.
  7074 | D:7      | 7074 ||| STAIRDANCE
  7192 | D:7      | 7192 ||| ZAPPING wand of paralysis (1) at -1,-1 (Jeremiah;
                  | floor).
  7215 | D:7      | Killed Jeremiah
  7376 | D:7      | 7376 ||| UPGRADING to +2 robe of resistance.
  7536 | D:8      | Reached * piety under Okawaru
  7542 | D:8      | 7542 ||| FLEEEEING.
  7699 | D:8      | Identified the serpent talisman of Past Mistakes {rC- MP+9
                  | Stlth+}
  7724 | D:8      | Noticed Psyche
  7727 | D:8      | Noticed Gastronok
  7728 | D:8      | 7728 ||| INVOKING Heroism.
  7735 | D:8      | Killed from afar by Gastronok

Levels and vault maps discovered:
D:1:      evilmike_arrival_hilbert_curve, layout_basic, serial_forest,
          infiniplex_forest_clump_double, infiniplex_forest_lined_corner,
          infiniplex_forest_lined_1, infiniplex_forest_diagonal,
          infiniplex_forest_end_1, infiniplex_forest_straight_2,
          infiniplex_forest_lined_1
D:2:      layout_basic, kennysheep_generic_room_5
D:3:      layout_basic
D:4:      layout_loops_ring, nicolae_overflow_crystal_walls,
          mainiacjoe_overflow_alcove_4, uniq_grinder, uniq_edmund,
          uniq_crazy_yiuf_cottage
D:5:      layout_cave_pools, trog_ov_bears_minmay, gup_ossuary_entry_pyramid,
          uniq_pikel
D:6:      layout_gridville, nicolae_wu_jian_glorious_leap, serial_shops,
          nicolae_shop_tiny_glass, minmay_hollow_rounded_squares
D:7:      layout_basic, fedhas_altar_2, tso_oasis_becter,
          mainiacjoe_overflow_alcove_1, temple_green, uniq_duvessa,
          uniq_jeremiah
D:8:      lemuel_ice_spiral_2, layout_basic, nicolae_qazlal_beasts_of_the_sky,
          minitemple, serial_shops, shop, uniq_psyche, uniq_gastronok
Temple:   hellmonk_temple_rainy

Skill      XL: |  1  2  3  4  5  6  7  8  9 10 |
---------------+-------------------------------+-----
Ranged Weapons | 5 6 7 9 11 12 | 12.4
Fighting       | 3 4 5 6 8 |  8.1
Dodging        | 2 3 4 5 |  5.0
Armour         | 1 2 |  2.0
Stealth        | |  1.1
Invocations    | |  0.3

Action                     |  1- 3 |  4- 6 |  7- 9 | 10-12 || total
---------------------------+-------+-------+-------+-------++-------
   Fire: Shortbow          |    70 |   154 |       |       ||   224
         Arbalest          |       |       |   266 |   133 ||   399
 Invoke: Heroism           |       |       |       |     1 ||     1
  Evoke: Wand              |       |     3 |       |     5 ||     8
    Use: Scroll            |     1 |     8 |     4 |     4 ||    17
         Potion            |       |       |     6 |     5 ||    11
 Armour: Leather armour    |    24 |    31 |   131 |    51 ||   237
         Robe              |       |       |       |    38 ||    38
  Dodge: Dodged            |    22 |    30 |   161 |    88 ||   301

Table legend:
 A = Non-vault XP
 B = Vault XP
 C = Vault XP percentage of total XP
 D = Non-vault monster count
 E = Vault monster count
 F = Vault count percentage of total count
                 A         B        C        D         E       F
            +---------+---------+-------+---------+---------+-------
      Total |    3328 |    3855 |  53.7 |     124 |      53 |  29.9
            +---------+---------+-------+---------+---------+-------
        D:1 |      26 |       0 |   0.0 |       8 |       0 |   0.0
        D:2 |      72 |       0 |   0.0 |      18 |       0 |   0.0
        D:3 |      81 |       0 |   0.0 |      20 |       0 |   0.0
        D:4 |     143 |     443 |  75.6 |      16 |       2 |  11.1
        D:5 |     662 |     913 |  58.0 |      21 |       4 |  16.0
        D:6 |     816 |    1216 |  59.8 |      18 |      14 |  43.8
        D:7 |     477 |     617 |  56.4 |      12 |       3 |  20.0
        D:8 |    1051 |       0 |   0.0 |      11 |       0 |   0.0
    Ossuary |       0 |     666 | 100.0 |       0 |      30 | 100.0
            +---------+---------+-------+---------+---------+-------
